 Dungeon Crawl Stone Soup version 0.23.3 (webtiles) character file.

Game seed: 14608418133693270454

157672 MordorOrchid the Grappler (level 17, -5/149 HPs)
             Began as a Troll Wizard on Apr 5, 2020.
             Was a High Priest of Ashenzari.
             Succumbed to a redback's poison
             ... while paralysed
             ... on level 1 of the Spider Nest.
             The game lasted 02:36:24 (26087 turns).

MordorOrchid the Grappler (Troll Wizard)           Turns: 26087, Time: 02:36:24

Health: -5/149     AC: 24    Str: 19    XL:     17   Next: 12%
Magic:  27/27      EV:  1    Int: 22    God:    Ashenzari [*****.]
Gold:   643        SH:  0    Dex: 15    Spells: 4/31 levels left

rFire    . . .     SeeInvis +     - Unarmed
rCold    . . .     Gourm    +   n - +0 shield
rNeg     . . .     Faith    .   l - +7 swamp dragon scales (curse)
rPois    +         Spirit   .   m - +0 hat {Int+3} (curse)
rElec    +         Reflect  .   w - +1 cloak {+Inv} (curse)
rCorr    .         Harm     .   (gloves unavailable)
MR       +....     Clarity  +   (boots unavailable)
Stlth    +.........             G - amulet "Eddil" {RegenMP Dex+2}
HPRegen  0.74/turn              e - ring "Butary" {rElec rPois Dex+5} (curse)
MPRegen  0.45/turn              T - ring of wizardry (curse)

@: paralysed, lethally poisoned (-5 -> -75), berserk cooldown, slowed
A: large, unfitting armour, claws 3, fast metabolism 3, gourmand, regeneration
1, shaggy fur 1, tough skin 3
a: Curse Item, Scrying, Transfer Knowledge, Renounce Religion, Evoke
Invisibility


You were on level 1 of the Spider Nest.
You worshipped Ashenzari.
Ashenzari was extremely pleased with you.
You were not hungry.

You visited 4 branches of the dungeon, and saw 24 of its levels.
You also visited: Bailey.

You collected 2490 gold pieces.
You spent 1847 gold pieces at shops.

Inventory:

Hand Weapons
 b - a +1 blowgun
 N - a +4 shortbow
 Z - the +3 hand axe "Syotseno" {holy, rN+ Str+5 SInv}
   (You found it on level 13 of the Dungeon)

   It has been blessed by the Shining One to cause great damage to the undead
   and demons.
   It affects your strength (+5).
   It protects you from negative energy.
   It lets you see invisible.
Missiles
 h - 717 arrows
 x - 5 tomahawks of returning
 L - 20 javelins
 U - 55 large rocks (quivered)
Armour
 l - cursed +7 swamp dragon scales (worn)
 m - a cursed +0 hat of intelligence (worn)
 n - a +0 shield (worn)
 w - a cursed +1 cloak of invisibility (worn)
Jewellery
 e - the cursed ring "Butary" (left claw) {rElec rPois Dex+5}
   (You acquired it on level 1 of the Lair of Beasts)

   [ring of poison resistance]

   It affects your dexterity (+5).
   It insulates you from electricity.
   It protects you from poison.
   It has a curse placed upon it.
 G - the amulet "Eddil" (around neck) {RegenMP Dex+2}
   (You found it on level 5 of the Dungeon)

   [amulet of magic regeneration]

   It increases your magic regeneration.
   It affects your dexterity (+2).
 T - a cursed ring of wizardry (right claw)
Wands
 t - a wand of acid (34)
 v - a wand of scattershot (6)
 S - a wand of iceblast (13)
 V - a wand of polymorph (16)
 X - a wand of enslavement (12)
Scrolls
 f - 3 scrolls of immolation
 i - 2 scrolls of fog
 u - a scroll of blinking
 A - 3 scrolls of fear
 B - 5 scrolls of teleportation
 D - 4 scrolls of identify
 F - a scroll of magic mapping
 M - 10 scrolls of remove curse
 O - a scroll of vulnerability {unknown}
 Y - 2 scrolls of summoning
Potions
 a - 2 potions of mutation
 r - a potion of haste
 y - 2 potions of flight
 z - 2 potions of magic
 E - 3 potions of curing
 I - a potion of resistance
 K - a potion of might
 P - 4 potions of heal wounds
 W - a potion of ambrosia
Miscellaneous
 c - a lamp of fire
 q - a phantom mirror
Comestibles
 d - 56 rations


   Skills:
 * Level 5.1 Fighting
 - Level 8.0 Throwing
 - Level 9.0(12.8) Armour
 * Level 7.1(11.1) Dodging
 - Level 1.0 Stealth
 * Level 4.7 Shields
 + Level 14.1 Unarmed Combat
 * Level 7.5 Spellcasting
 - Level 3.0(5.3) Conjurations
 - Level 3.0(5.3) Hexes
 - Level 1.2(2.9) Summonings
 - Level 4.2(6.7) Translocations
 - Level 4.4(6.9) Transmutations
 - Level 3.0(5.3) Fire Magic
 - Level 4.0(6.4) Air Magic
 - Level 5.3(7.9) Earth Magic
 - Level 2.0(4.0) Poison Magic
 - Level 7.1(9.9) Evocations


You had 4 spell levels left.
You knew the following spells:

 Your Spells              Type           Power        Failure   Level  Hunger
a - Magic Dart            Conj           ####         1%          1    None
b - Call Imp              Summ           ###.....     5%          2    None
c - Conjure Flame         Conj/Fire      ####....     4%          3    None
d - Petrify               Tmut/Erth      #####...     5%          4    ###....
g - Mephitic Cloud        Conj/Pois/Air  ####....     4%          3    None
p - Passage of Golubria   Tloc           N/A          8%          4    ###....
v - Lee's Rapid Deconstr  Erth           #####.....   12%         5    #####..
w - Passwall              Tmut/Erth      #####...     1%          2    None
x - Blink                 Tloc           N/A          1%          2    None
A - Confusing Touch       Hex            ####..       1%          1    None

Your spell library contained the following spells:

 Spells                   Type           Power        Failure   Level  Hunger
 Corona                   Hex            ####...      1%          1    None
 Searing Ray              Conj           ####..       1%          2    None
 Slow                     Hex            ####....     1%          2    None
 Gell's Gravitas          Tloc           #####.....   2%          3    None
 Lesser Beckoning         Tloc           #####.....   2%          3    None
 Teleport Other           Tloc           #####...     2%          3    None
 Portal Projectile        Hex/Tloc       ####..       3%          3    None
 Shroud of Golubria       Chrm/Tloc      ###.......   4%          2    None
 Swiftness                Chrm/Air       ###.....     4%          2    None
 Confuse                  Hex            ####....     4%          3    None
 Dazzling Spray           Conj/Hex       ####..       4%          3    None
 Ignite Poison            Fire/Tmut/Pois ####....     4%          3    None
 Inner Flame              Hex/Fire       ####....     4%          3    None
 Recall                   Summ/Tloc      N/A          4%          3    None
 Tukima's Dance           Hex            ####....     4%          3    None
 Ensorcelled Hibernation  Hex/Ice        ###...       6%          2    None
 Leda's Liquefaction      Hex/Erth       #####.....   8%          4    ###....
 Force Lance              Conj/Tloc      ####....     10%         4    ###....
 Cause Fear               Hex            ####......   13%         4    ###....
 Fulminant Prism          Conj/Hex       ####......   13%         4    ###....
 Iskenderun's Mystic Bla  Conj           ####....     13%         4    ###....
 Sublimation of Blood     Necr           #.........   16%         2    None
 Animate Dead             Necr           N/A          65%         4    ###....
 Irradiate                Conj/Tmut      #####.....   26%         5    #####..
 Yara's Violent Unravell  Hex/Tmut       #####.....   26%         5    #####..
 Alistair's Intoxication  Tmut/Pois      ####....     32%         5    #####..
 Borgnjor's Vile Clutch   Necr/Erth      ####......   47%         5    #####..
 Metabolic Englaciation   Hex/Ice        ###.......   65%         5    #####..
 Darkness                 Hex            ####......   86%         6    ######.
 Invisibility             Hex            ####....     86%         6    ######.
 Death Channel            Necr           #.........   100%        6    ######.
 Simulacrum               Ice/Necr       #.........   100%        6    ######.


Dungeon Overview and Level Annotations

Branches:
Dungeon (15/15)            Temple (0/1) D:4            Lair (6/6) D:10
  Swamp (0/4) Lair:4       Spider (1/4) Lair:2        Slime (0/5) Lair:5
    Orc (2/2) D:12            Elf (0/3) Orc:2        Vaults (0/5) D:14
 Depths (0/5) D:15

Altars:
Ashenzari
Dithmenos
Fedhas
Okawaru
Trog
Uskayaw
Vehumet
Zin
The Shining One
Beogh
Jiyva

Shops:
D:6 (   Orc:1 [   Orc:2 !%?*=

Portals:
Trove: D:13 (give +4 demon blade)

Annotations:
D:6 3 runed translucent doors, SirRappy's ghost, novice MiBe


Innate Abilities, Weirdness & Mutations

You are too large for most types of armour.
You have claws for hands.
Your metabolism is lightning-fast.
You like to eat raw meat.
Your natural rate of healing is unusually fast.
You are covered in fur. (AC +1)
You have extremely tough skin. (AC +3)


Message History

You are no longer berserk.
You pass out from exhaustion.
You feel yourself slow down.
* * * LOW HITPOINT WARNING * * *
You feel very sick. The redback bites you!
* * * LOW HITPOINT WARNING * * *
* * * LOW HITPOINT WARNING * * *
You feel extremely sick. The redback bites you.
* * * LOW HITPOINT WARNING * * *
The redback bites you but does no damage. x2
* * * LOW HITPOINT WARNING * * *
You feel extremely sick. The redback bites you.
* * * LOW HITPOINT WARNING * * *
A redback comes into view.
The redback bites you.
* * * LOW HITPOINT WARNING * * *
You die...

, ,*,*,* , ,*
*, ,*, ,,., ,,
* .... ** * ,,
* #. , *,...#*
, ,** ,^#,
#... , *, ,
,#. ,..^ # ,,
* #.., #^. .#
,,,
.s.##.##..#.#
** ,
*,#.....s#...#
, *,* , #<@†#
, *, , ,, ,
##†#.....# ,
*> ,
,*......#..,
,,, , ,, , ,
,.#..#..#, ,
*,* ,
*#.#...*#..,,
, * , ,, ,
.*.#...,,.. *
, * ,, ,*
,..,. ..#.
,#,*,,* * **
.#,,.,#.#%.,,*
* , ,,* * ,
,,, *


You could see 2 redbacks.

Vanquished Creatures
  Gastronok (Lair:2)
  2 frost giants
  An orc warlord (Orc:2)
  Aizul (Lair:2)
  2 stone giants
  Azrael (D:12)
  3 ettins
  4 hydras
  2 vault guards (D:14)
  4 centaur warriors
  7 two-headed ogres
  A catoblepas (Lair:5)
  2 death knights
  A shambling mangrove (Lair:1)
  11 death yaks
  The ghost of Valentain the Skirmisher, a novice OgFE of Vehumet (D:8)
  3 tengu warriors (D:15)
  5 skeletal warriors
  Nergalle (Lair:2)
  5 wizards
  2 phantasmal warriors (D:13)
  A lindwurm (Lair:6)
  4 necromancers
  7 ugly things
  3 wolf spiders
  11 orc sorcerers
  2 orc knights
  6 deep elf magi
  15 cyclopes
  2 manticores
  A moth of wrath (Spider:1)
  3 black mambas
  3 molten gargoyles (D:14)
  2 spiny frogs
  A gargoyle (D:14)
  A kobold demonologist (D:14)
  4 rime drakes (Lair:5)
  4 komodo dragons
  3 demonic crawlers (Lair:2)
  2 ice devils (Lair:2)
  A queen bee (D:13)
  A jumping spider (Spider:1)
  3 meliai (D:13)
  A wandering mushroom (Lair:1)
  10 polar bears
  4 hornets
  4 trolls
  A blink frog (shapeshifter) (D:15)
  14 hippogriffs
  4 raiju (Lair:6)
  8 slime creatures
  4 blink frogs (Lair:2)
  7 dream sheep (Lair:6)
  2 bog bodies (Lair:4)
  A shadow (D:15)
  A centaur simulacrum (D:15)
  2 wraiths
  A redback (Lair:2)
  A tarantella (Spider:1)
  Sigmund (D:5)
  49 yaks
  11 wyverns
  10 basilisks
  4 fire bats (Lair:1)
  2 fire elementals (D:12)
  2 hogs (D:7)
  17 humans
  5 hungry ghosts
  7 vampire mosquitoes
  A basilisk (shapeshifter) (D:15)
  Edmund (D:4)
  13 wargs
  17 hell hounds
  13 water moccasins
  6 porcupines
  Duvessa (D:4)
  5 ice beasts
  An eye of draining (D:14)
  5 sky beasts
  12 black bears
  30 orc warriors
  A necrophage (D:10)
  An elephant zombie (Lair:3)
  3 phantoms
  22 centaurs
  16 wolves
  16 ogres
  11 crocodiles
  A komodo dragon zombie (Lair:3)
  2 big kobolds
  A wyvern zombie (D:13)
  11 bullfrogs
  A water moccasin zombie (D:9)
  Dowan (D:4)
  A wyvern skeleton (D:14)
  7 scorpions
  22 killer bees
  15 wights
  9 electric eels
  4 howler monkeys
  4 lava snakes
  12 crimson imps
  5 bullfrog zombies
  4 quasits (D:8)
  4 centaur zombies
  10 hounds
  6 jellies
  49 orc wizards
  A gnoll shaman (D:6)
  21 orc priests
  2 bullfrog skeletons
  10 centaur skeletons
  13 worker ants
  Natasha (D:2)
  4 iguanas
  Ijyb (D:4)
  A crocodile zombie (Lair:3)
  A hound zombie (D:11)
  A hound skeleton (D:4)
  Robin (D:2)
  7 gnolls (D:6)
  A worker ant zombie (D:6)
  11 adders
  4 shadow imps
  A white imp (D:5)
  4 oozes
  5 adder skeletons
  8 worms
  7 leopard geckos
  121 orcs
  4 ball pythons
  2 giant cockroaches (Lair:2)
  7 goblins
  6 hobgoblins
  8 jackals
  10 kobolds
  5 quokkas
  A ball python skeleton (D:4)
  6 bats
  A frilled lizard (D:1)
  2 goblin zombies (D:5)
  A hobgoblin zombie (D:5)
  2 kobold skeletons (D:5)
  A kobold zombie (D:5)
  2 leopard gecko skeletons (D:6)
  2 orc skeletons (D:5)
  An orc zombie (D:5)
  A quokka skeleton (D:9)
  5 rats
  A fire vortex (Lair:1)
  2 plants (Lair:1)
953 creatures vanquished.

Vanquished Creatures (collateral kills)
  A two-headed ogre (D:15)
  A death knight (D:15)
  A freezing wraith (D:15)
  A hippogriff (Lair:5)
  A yak (Lair:5)
  An acid dragon (D:15)
  2 goblins (D:2)
  A hobgoblin (D:2)
9 creatures vanquished.

Vanquished Creatures (others)
  A cyclops (D:11)
  A molten gargoyle (D:14)
  A spiny frog (Lair:5)
  A hippogriff (Lair:5)
  A wyvern (Lair:5)
  A warg (D:12)
  An orc (D:12)
  14 fungi
  22 plants
43 creatures vanquished.

Grand Total: 1005 creatures vanquished

Notes
Turn   | Place    | Note
-------+----------+-------------------------------------------
     0 | D:1      | MordorOrchid the Troll Wizard began the quest for the Orb.
     0 | D:1      | Reached XP level 1. HP: 16/16 MP: 2/2
   335 | D:1      | Reached XP level 2. HP: 26/26 MP: 4/4
   339 | D:1      | Learned a level 2 spell: Call Imp
   999 | D:2      | Reached skill level 1 in Unarmed Combat
  1127 | D:2      | Reached XP level 3. HP: 32/32 MP: 0/5
  1131 | D:2      | Learned a level 2 spell: Blink
  1168 | D:2      | Reached skill level 1 in Fighting
  1168 | D:2      | Reached skill level 1 in Summonings
  1279 | D:2      | Noticed Natasha
  1289 | D:2      | Killed Natasha
  1299 | D:2      | Reached XP level 4. HP: 41/41 MP: 2/6
  1656 | D:2      | Noticed Robin
  1690 | D:2      | Killed Robin
  1701 | D:2      | Found a bloodstained altar of Trog.
  1701 | D:2      | Found a shattered altar of Ashenzari.
  1710 | D:2      | Became a worshipper of Ashenzari the Shackled
  2186 | D:3      | Reached skill level 2 in Unarmed Combat
  2455 | D:4      | Reached skill level 1 in Armour
  2533 | D:4      | Reached XP level 5. HP: 46/48 MP: 7/7
  2574 | D:4      | Noticed a yak
  2576 | D:4      | Noticed a yak
  2577 | D:4      | Noticed a yak
  2577 | D:4      | Noticed a yak
  2578 | D:4      | Noticed a yak
  2582 | D:4      | Noticed Ijyb
  2653 | D:4      | Killed a yak
  2653 | D:4      | Reached skill level 3 in Unarmed Combat
  2653 | D:4      | Reached XP level 6. HP: 51/57 MP: 8/8
  2658 | D:4      | Killed a yak
  2658 | D:4      | Reached skill level 4 in Unarmed Combat
  2724 | D:4      | Killed a yak
  2724 | D:4      | Reached XP level 7. HP: 65/65 MP: 9/9
  2728 | D:4      | Killed a yak
  2728 | D:4      | Reached skill level 5 in Unarmed Combat
  2801 | D:4      | Killed Ijyb
  2880 | D:4      | Reached skill level 6 in Unarmed Combat
  2949 | D:4      | Reached * piety under Ashenzari
  2972 | D:4      | Reached XP level 8. HP: 61/72 MP: 10/10
  2975 | D:4      | Noticed Duvessa
  2978 | D:4      | Noticed Dowan
  2988 | D:4      | Killed Duvessa
  2990 | D:4      | Killed Dowan
  3139 | D:4      | Found a staircase to the Ecumenical Temple.
  3160 | D:4      | Noticed Edmund
  3175 | D:4      | Killed Edmund
  3266 | D:4      | Reached skill level 7 in Unarmed Combat
  3345 | D:5      | Entered Level 5 of the Dungeon
  3418 | D:5      | Found a glowing golden altar of the Shining One.
  3655 | D:5      | Learned a level 3 spell: Mephitic Cloud
  3659 | D:5      | Learned a level 3 spell: Conjure Flame
  3761 | D:5      | Reached skill level 5 in Armour
  3761 | D:5      | Reached skill level 1 in Evocations
  3777 | D:5      | Reached skill level 8 in Unarmed Combat
  3909 | D:5      | Reached XP level 9. HP: 43/79 MP: 11/11
  3949 | D:5      | Noticed Sigmund
  3955 | D:5      | Killed Sigmund
  3990 | D:5      | Identified the amulet "Eddil" {RegenMP Dex+2}
  4192 | D:5      | Found a shadowy altar of Dithmenos.
  4192 | D:5      | Found a blossoming altar of Fedhas.
  4381 | D:6      | Found a hide-covered altar of Uskayaw.
  4434 | D:6      | Reached skill level 1 in Translocations
  4598 | D:6      | Found a runed translucent gate.
  4598 | D:6      | Found a runed translucent gate.
  4598 | D:6      | Found a runed translucent gate.
  4598 | D:6      | Noticed SirRappy's ghost (novice MiBe)
  4780 | D:6      | Found Sishram's Weapon Shoppe.
  4788 | D:6      | Bought a +0 blowgun for 35 gold pieces
  4805 | D:6      | Found a radiant altar of Vehumet.
  4877 | D:7      | Reached skill level 9 in Unarmed Combat
  4990 | D:7      | Reached skill level 1 in Throwing
  5225 | D:7      | Reached XP level 10. HP: 91/91 MP: 12/12
  5435 | D:8      | Found a transporter.
  5443 | D:8      | Noticed Valentain's ghost (novice OgFE)
  5648 | D:8      | Reached skill level 10 in Unarmed Combat
  5745 | D:8      | Noticed a two-headed ogre
  5752 | D:8      | Killed a two-headed ogre
  5830 | D:8      | Reached ** piety under Ashenzari
  6040 | D:8      | Learned a level 1 spell: Confusing Touch
  6174 | D:8      | Killed Valentain's ghost
  6192 | D:8      | Found a transporter.
  6306 | D:9      | Reached XP level 11. HP: 98/98 MP: 14/14
  6477 | D:9      | Noticed a two-headed ogre
  6486 | D:9      | Killed a two-headed ogre
  6486 | D:9      | Reached skill level 1 in Air Magic
  6486 | D:9      | Reached skill level 1 in Poison Magic
  6938 | D:10     | Entered Level 10 of the Dungeon
  7156 | D:10     | Reached skill level 1 in Hexes
  7591 | D:10     | Found a staircase to the Lair.
  7701 | D:11     | Noticed a brown ugly thing
  7716 | D:11     | Killed a brown ugly thing
  8096 | D:11     | Reached skill level 11 in Unarmed Combat
  8302 | D:11     | Identified a scroll of acquirement
  8472 | D:11     | Noticed an ettin
  8502 | D:11     | Killed an ettin
  8752 | D:11     | Noticed a two-headed ogre
  8754 | D:11     | Noticed a two-headed ogre
  8758 | D:11     | Killed a two-headed ogre
  8769 | D:11     | Killed a two-headed ogre
  8769 | D:11     | Reached XP level 12. HP: 79/108 MP: 12/16
  9179 | D:11     | Noticed an ettin
  9308 | D:11     | Reached skill level 5 in Throwing
  9525 | D:11     | Noticed a frost giant
  9602 | D:11     | Killed a frost giant
  9754 | D:11     | Found the +9 staff of Olgreb {rPois}
  9762 | D:11     | Identified the +7 chain mail "Nynit" {Str+3 Int+2}
  9974 | D:11     | Killed an ettin
  9974 | D:11     | Reached skill level 5 in Fighting
 10732 | Lair:1   | Entered Level 1 of the Lair of Beasts
 10876 | Lair:1   | Reached skill level 12 in Unarmed Combat
 10899 | Lair:1   | Found a dark tunnel.
 11283 | Lair:1   | Reached *** piety under Ashenzari
 11488 | Lair:1   | Noticed a shambling mangrove
 11488 | Lair:1   | an oklob plant changed into a shambling mangrove
 11510 | Lair:1   | Killed a shambling mangrove
 11514 | Lair:1   | Paralysed by a hornet for 1 turns
 11520 | Lair:1   | Reached skill level 5 in Evocations
 11520 | Lair:1   | Reached XP level 13. HP: 117/117 MP: 12/18
 11762 | Lair:2   | Noticed Nergalle
 11780 | Lair:2   | Killed Nergalle
 11817 | Lair:2   | Found a blossoming altar of Fedhas.
 11877 | Lair:2   | Noticed Gastronok
 11987 | Lair:2   | Found a hole to the Spider Nest.
 12121 | Lair:2   | Found a frozen archway.
 12603 | Lair:2   | Killed Gastronok
 12603 | Lair:2   | Reached skill level 1 in Conjurations
 13073 | Lair:3   | Identified the +7 plate armour "Kuutt" {rPois rN+}
 13300 | Lair:3   | Reached skill level 1 in Fire Magic
 13775 | Lair:3   | Identified the cursed +0 scale mail of Dakoliq {*Corrode
                  | rElec SInv Stlth+}
 13775 | Lair:3   | Found a glowing silver altar of Zin.
 14082 | Lair:4   | Reached **** piety under Ashenzari
 14120 | Lair:4   | Learned a level 2 spell: Passwall
 14474 | Lair:4   | Reached skill level 5 in Spellcasting
 14528 | Lair:4   | Found a staircase to the Swamp.
 14989 | Lair:5   | Reached skill level 1 in Earth Magic
 15225 | Lair:5   | Reached skill level 1 in Transmutations
 15293 | Lair:4   | Reached XP level 14. HP: 39/126 MP: 3/20
 16221 | Lair:5   | Reached skill level 5 in Dodging
 16279 | Lair:5   | Found a viscous altar of Jiyva.
 16279 | Lair:5   | Found a staircase to the Slime Pits.
 16487 | Lair:6   | Entered Level 6 of the Lair of Beasts
 17158 | Lair:6   | Reached ***** piety under Ashenzari
 18247 | Lair:1   | Identified the cursed ring "Butary" {rElec rPois Dex+5}
                  | (You acquired it on level 1 of the Lair of Beasts)
 18340 | D:12     | Noticed Azrael
 18366 | D:12     | Killed Azrael
 18676 | D:12     | Found a staircase to the Orcish Mines.
 18891 | Orc:1    | Entered Level 1 of the Orcish Mines
 18917 | Orc:1    | Found a flagged portal.
 18936 | Bailey   | Entered a bailey
 19795 | Orc:1    | Found Umeuxo's Armour Shop.
 19800 | Orc:1    | Bought a +1 cloak of invisibility for 165 gold pieces
 19817 | Orc:1    | Noticed a stone giant
 19833 | Orc:1    | Killed a stone giant
 20314 | Orc:2    | Entered Level 2 of the Orcish Mines
 20315 | Orc:2    | Found Wud Cula's Distillery.
 20639 | Orc:2    | Reached XP level 15. HP: 132/132 MP: 23/23
 20972 | Orc:2    | Bought a potion of heal wounds for 55 gold pieces
 20972 | Orc:2    | Bought a potion of heal wounds for 55 gold pieces
 21141 | Orc:2    | Found Tuduwusch's Food Shop.
 21141 | Orc:2    | Found Tuwair's Magic Scroll Shoppe.
 21176 | Orc:2    | Bought a scroll of teleportation for 48 gold pieces
 21176 | Orc:2    | Bought a scroll of random uselessness for 16 gold pieces
 21202 | Orc:2    | Found a roughly hewn altar of Beogh.
 21303 | Orc:2    | Found Misacw's Assorted Antiques.
 21303 | Orc:2    | Found Erith's Jewellery Shoppe.
 21319 | Orc:2    | Bought a scroll labeled IXAUCW XECYETZ for 30 gold pieces
 21319 | Orc:2    | Bought a jade ring for 150 gold pieces
 21332 | Orc:2    | Noticed an orc warlord
 21350 | Orc:2    | Killed an orc warlord
 21442 | Orc:2    | Bought a cursed ring of wizardry for 405 gold pieces
 21520 | Orc:2    | Found a staircase to the Elven Halls.
 21772 | Orc:2    | Bought a scroll of enchant armour for 120 gold pieces
 21772 | Orc:2    | Bought a scroll of enchant armour for 120 gold pieces
 21774 | Orc:2    | Bought 3 scrolls of remove curse for 144 gold pieces
 21774 | Orc:2    | Bought a scroll of identify for 32 gold pieces
 21774 | Orc:2    | Bought a scroll of fear for 56 gold pieces
 21777 | Orc:2    | Reached XP level 16. HP: 140/140 MP: 24/24
 21783 | Orc:2    | Learned a level 4 spell: Passage of Golubria
 21783 | Orc:2    | Bought a scroll of summoning for 152 gold pieces
 21818 | Orc:2    | Bought a potion of lignification for 33 gold pieces
 21818 | Orc:2    | Bought 2 potions of lignification for 66 gold pieces
 21818 | Orc:2    | Bought a potion of agility for 44 gold pieces
 21818 | Orc:2    | Bought a potion of might for 44 gold pieces
 21818 | Orc:2    | Bought a potion of curing for 33 gold pieces
 21818 | Orc:2    | Bought a potion of brilliance for 44 gold pieces
 22071 | D:13     | Reached skill level 13 in Unarmed Combat
 22194 | D:13     | Found a portal to a secret trove of treasure.
 22871 | D:13     | Got the hand axe "Syotseno" {holy, rN+ Str+5 SInv}
 24111 | D:14     | Found a gate to the Vaults.
 24130 | D:14     | Identified the +3 hand axe "Syotseno" {holy, rN+ Str+5
                  | SInv} (You found it on level 13 of the Dungeon)
 24134 | D:14     | Identified the cursed amulet of Lucaor {Harm *Corrode
                  | *Drain rPois Dex+4} (You acquired it on level 14 of the
                  | Dungeon)
 24434 | D:14     | Found an iron altar of Okawaru.
 24733 | D:14     | Reached skill level 5 in Earth Magic
 24775 | D:15     | Entered Level 15 of the Dungeon
 25148 | D:15     | Reached skill level 14 in Unarmed Combat
 25220 | D:15     | Reached XP level 17. HP: 148/148 MP: 27/27
 25426 | D:15     | Found a staircase to the Depths.
 25685 | Lair:1   | Learned a level 4 spell: Petrify
 25691 | Lair:1   | Learned a level 5 spell: Lee's Rapid Deconstruction
 25759 | Spider:1 | Entered Level 1 of the Spider Nest
 25761 | Spider:1 | Noticed Aizul
 25869 | Lair:2   | HP: 1/148 [Aizul (17)]
 25881 | Lair:2   | Killed Aizul
 26086 | Spider:1 | HP: 7/149 [poisoned by a redback]
 26086 | Spider:1 | HP: 3/149 [redback (4)]
 26086 | Spider:1 | HP: 1/149 [redback (2)]
 26087 | Spider:1 | Succumbed to a redback's poison

Skill      XL: |  1  2  3  4  5  6  7  8  9 10 11 12 13 14 15 16 17 |
---------------+----------------------------------------------------+-----
Dodging        | 2 3 4 6 7 |  7.1
Unarmed Combat | 1 2 3 4 6 8 9 10 11 12 14 | 14.1
Fighting       | 1 2 3 4 5 |  5.1
Summonings     | 1 |  1.2
Armour         | 1 2 3 5 6 7 8 9 |  9.0
Evocations     | 1 2 3 4 5 6 7 |  7.1
Translocations | 2 3 4 |  4.2
Throwing       | 1 3 4 6 8 |  8.0
Spellcasting   | 3 4 5 6 7 |  7.5
Air Magic      | 2 3 4 |  4.0
Poison Magic   | 2 |  2.0
Hexes          | 2 3 |  3.0
Conjurations   | 2 3 |  3.0
Fire Magic     | 2 3 |  3.0
Earth Magic    | 1 3 4 5 |  5.3
Transmutations | 1 2 3 4 |  4.4
Shields        | 4 |  4.7
Stealth        | |  1.0

Action                   |  1- 3 |  4- 6 |  7- 9 | 10-12 | 13-15 | 16-18 || total
-------------------------+-------+-------+-------+-------+-------+-------++-------
Melee: Spear             |   111 |       |       |       |       |       ||   111
       Unarmed           |    11 |    84 |   387 |   740 |  1291 |   627 ||  3140
       Punch             |       |       |     5 |    31 |    71 |    48 ||   155
 Fire: Shortbow          |       |       |       |       |     4 |       ||     4
Throw: Stone             |     1 |    10 |     5 |       |       |       ||    16
       Tomahawk          |       |       |    14 |    48 |    96 |    22 ||   180
       Large rock        |       |       |       |    72 |   177 |    67 ||   316
       Javelin           |       |       |       |       |       |    40 ||    40
 Cast: Magic Dart        |    15 |     4 |       |       |       |       ||    19
       Call Imp          |     3 |     5 |       |     5 |       |       ||    13
       Confusing Touch   |       |       |       |    12 |    53 |    22 ||    87
       Blink             |       |       |       |     8 |    32 |     7 ||    47
       Mephitic Cloud    |       |       |       |       |    61 |    53 ||   114
       Conjure Flame     |       |       |       |       |    10 |    14 ||    24
       Passwall          |       |       |       |       |     1 |    10 ||    11
Invok: Curse Item        |       |       |       |     1 |       |     1 ||     2
 Abil: Evoke Berserk Rag |       |     2 |     6 |    10 |     2 |       ||    20
Evoke: Wand              |       |       |    13 |     7 |    18 |     2 ||    40
       Lamp of fire      |       |       |       |       |     2 |     1 ||     3
  Use: Scroll            |       |     1 |     7 |    10 |    21 |     6 ||    45
       Potion            |       |       |       |     3 |     3 |     4 ||    10
 Stab: Sleeping          |     4 |     4 |     3 |    10 |     3 |       ||    24
       Confused          |       |       |       |     3 |    69 |    40 ||   112
       Distracted        |       |       |       |     1 |     2 |     2 ||     5
       Invisible         |       |       |       |       |     5 |       ||     5
       Paralysed         |       |       |       |       |     1 |       ||     1
  Eat: Chunk             |    17 |    11 |    41 |    68 |   103 |    36 ||   276
       Ration            |       |       |     1 |       |       |       ||     1
Armor: Robe              |    44 |     7 |       |       |       |       ||    51
       Swamp dragon scal |       |    13 |   156 |   322 |   616 |   263 ||  1370
Dodge: Dodged            |    41 |    36 |   141 |   287 |   645 |   342 ||  1492
       Deflected         |       |       |       |       |    23 |    17 ||    40
Block: Other             |       |       |       |     5 |    12 |    54 ||    71
       Reflection        |       |       |       |     1 |       |     2 ||     3
       Shield            |       |       |       |       |       |    57 ||    57
